 Dungeon Crawl Stone Soup version 0.30-a0-721-ga6a225cb13 (webtiles) character file.

Game seed: 17904521882156168912

105229 Bnni the Unseen (level 16, -8/88 HPs)
             Began as a Vine Stalker Fighter on Jan 26, 2023.
             Was a Follower of Uskayaw.
             Killed from afar by a deep elf knight (41 damage)
             ... with a shard of ice
             ... on level 1 of the Elven Halls on Jan 27, 2023.
             The game lasted 00:49:58 (20290 turns).

Bnni the Unseen (Vine Stalker Fighter)             Turns: 20290, Time: 00:49:58

Health: -8/88      AC: 33    Str: 20    XL:     16   Next: 40%
Magic:  0/26       EV:  8    Int:  5    God:    Uskayaw [*.....]
Gold:   2071       SH:  9    Dex: 24    Spells: 15/15 levels left

rFire   + + .      SeeInvis .    j - +7 short sword (freeze)
rCold   x . .      Faith    +    X - +0 buckler
rNeg    . . .      Spirit   +    n - +10 chain mail of Uttefuexku {rF+ Stlth+}
rPois   .          Reflect  .    x - +0 helmet
rElec   +          Harm     .    D - +1 cloak
rCorr   .          Rampage  .    L - +2 pair of gloves {infuse}
Will    ++...                    C - +2 pair of boots
Stlth   +++++                    p - amulet of faith
HPRegen 1.14/turn                N - +4 ring of slaying
MPRegen 0.20/turn                y - ring "Ciejuda" {Fire Slay+3}

@: no status effects
A: fangs 3, regeneration 1, magic shield, antimagic bite, no potion heal 2,
agile 1, dopey 1, electricity resistance, noise suppression
a: Renounce Religion, Stomp


You were on level 1 of the Elven Halls.
You worshipped Uskayaw.
Uskayaw was pleased with you.
You visited 5 branches of the dungeon, and saw 24 of its levels.
You also visited: Sewer, Ossuary and Bailey.

You collected 2443 gold pieces.
You spent 372 gold pieces at shops.

Inventory:

Hand Weapons
 h - a +1 dagger of venom
 j - a +7 short sword of freezing (weapon)
 U - a +2 short sword of speed
Missiles
 G - 7 throwing nets (quivered)
 T - 2 curare-tipped darts
 Z - 2 boomerangs of dispersal
Armour
 n - the +10 chain mail of Uttefuexku (worn) {rF+ Stlth+}
   (You found it on level 4 of the Lair of Beasts)

   rF:        It protects you from fire.
   Stlth:     It makes you more stealthy.
 r - a +0 kite shield
 x - a +0 helmet (worn)
 C - a +2 pair of boots (worn)
 D - a +1 cloak (worn)
 L - a +2 pair of gloves of infusion (worn)
 X - a +0 buckler (worn)
Jewellery
 g - a ring of poison resistance
 p - an amulet of faith (around neck)
 y - the ring "Ciejuda" (right hand) {Fire Slay+3}
   (You found it on level 4 of the Dungeon)

   [ring of fire]

   It enhances your fire magic.
   Slay:      It affects your accuracy & damage with ranged weapons and melee
   (+3).
   rF:        It protects you from fire.
   rC:        It makes you vulnerable to cold.
 N - a +4 ring of slaying (left hand)
 P - a ring of flight
Wands
 c - a wand of mindburst (7)
 w - a wand of roots (6)
 J - a wand of polymorph (2)
 Q - a wand of acid (7)
 R - a wand of flame (6)
 W - a wand of digging (5)
Scrolls
 b - 5 scrolls of enchant armour
 i - 5 scrolls of blinking
 k - 2 scrolls of torment
 m - 8 scrolls of teleportation
 s - 2 scrolls of poison
 t - 2 scrolls of butterflies
 u - 2 scrolls of silence
 A - 8 scrolls of vulnerability
 B - 3 scrolls of magic mapping
 E - 8 scrolls of enchant weapon
 F - a scroll of fog
 K - 2 scrolls of fear
 O - a scroll of immolation
 V - 6 scrolls of amnesia
 Y - a scroll of brand weapon
Potions
 a - 8 potions of cancellation
 d - 5 potions of might
 e - 2 potions of lignification
 f - 2 potions of attraction
 l - 5 potions of haste
 o - 2 potions of invisibility
 q - 5 potions of berserk rage
 v - 4 potions of magic
 z - 6 potions of mutation
 I - 5 potions of curing
 M - 5 potions of brilliance
Miscellaneous
 H - a phantom mirror
 S - a phial of floods


   Skills:
 + Level 12.2 Fighting
 - Level 10.4 Short Blades
 - Level 12.0 Armour
 + Level 16.1 Stealth
 * Level 12.7 Shields
 + Level 12.1 Invocations


You had 15 spell levels left.
You didn't know any spells.
Your spell library contained the following spells:

 Spells                   Type           Power      Damage    Failure   Level
 Sting                    Tmut/Pois      0%         1d3       99%         1
 Summon Small Mammal      Summ           0%         N/A       99%         1
 Ensorcelled Hibernation  Hex/Ice        0%         N/A       99%         2
 Poisonous Vapours        Pois/Air       0%         N/A       99%         2
 Call Canine Familiar     Summ           0%         N/A       100%        3
 Dazzling Flash           Conj/Hex       0%         N/A       100%        3
 Portal Projectile        Hex/Tloc       0%         N/A       100%        3
 Spider Form              Tmut/Pois      0%         N/A       100%        3
 Summon Guardian Golem    Hex/Summ       0%         N/A       100%        3
 Anguish                  Hex/Necr       0%         N/A       100%        4
 Leda's Liquefaction      Hex/Erth       0%         N/A       100%        4
 Olgreb's Toxic Radiance  Pois           0%         N/A       100%        4
 Summon Ice Beast         Ice/Summ       0%         N/A       100%        4
 Summon Lightning Spire   Summ/Air       0%         N/A       100%        4
 Agony                    Necr           0%         N/A       100%        5
 Lee's Rapid Deconstruct  Erth           0%         3d4*      100%        5
 Silence                  Hex/Air        0%         N/A       100%        5
 Summon Mana Viper        Hex/Summ       0%         N/A       100%        5
 Simulacrum               Ice/Necr       0%         N/A       100%        6
 Statue Form              Tmut/Erth      0%         N/A       100%        6
 Monstrous Menagerie      Summ           0%         N/A       100%        7
 Storm Form               Tmut/Air       0%         N/A       100%        7
 Maxwell's Capacitive Co  Air            0%         ∞         100%        8
 Death's Door             Necr           0%         N/A       100%        9


Dungeon Overview and Level Annotations

Branches:
Dungeon (15/15)            Temple (1/1) D:5            Lair (5/5) D:10
 Shoals (0/4) Lair:3        Snake (0/4) Lair:3        Slime (0/5) Lair:4
    Orc (2/2) D:11            Elf (1/3) Orc:2        Vaults (0/5) D:14
 Depths (0/4) D:15          Sewer (visited)         Ossuary (visited)
 Bailey (visited)

Altars:
Ashenzari
Cheibriados
Dithmenos
Elyvilon
Fedhas
Gozag
Hepliaklqana
Kikubaaqudgha
Makhleb
Nemelex Xobeh
Okawaru
Qazlal
Ru
Sif Muna
Trog
Uskayaw
Vehumet
Wu Jian
Xom
Yredelemnul
Zin
The Shining One

Shops:
D:4 [   D:5 [   D:14 (   Orc:2 :*(*(

Portals:
Trove: D:14 (give +7 demon trident)

Annotations:
Lair:4 exclusion: 6 oklob plants


Innate Abilities, Weirdness & Mutations

You have razor-sharp teeth.
Your natural rate of healing is unusually fast.
When hurt, damage is shared between your health and your magic reserves.
Your bite disrupts and absorbs the magic of your enemies.
Potions cannot restore your health.
You are agile. (Dex +4, Str/Int -1)
You are dopey. (Int -2)
You are resistant to electric shocks. (rElec)
You passively dampen the noise of your surroundings.


Message History

You destroy the fire elemental!
The deep elf archer shoots an arrow.
The arrow hits you but does no damage.
You puncture the earth elemental!
You destroy the earth elemental!
You hear some strange, mumbled words.
A shard of ice appears from out of thin air!
The shard of ice hits you but does no damage.
The deep elf archer shoots an arrow.
The arrow hits you!!
You barely miss the deep elf sorcerer.
You bite the deep elf sorcerer, but do no damage.
The deep elf sorcerer is heavily wounded.
Something hits you.
You impale the deep elf sorcerer!! You freeze the deep elf sorcerer.
Your bite misses the deep elf sorcerer.
The deep elf sorcerer is almost dead.
The deep elf sorcerer closely misses you.
A deep elf zephyrmancer comes into view.
It is wielding a +0 long sword of electrocution.
Something hits you but does no damage.
The deep elf archer shoots an arrow.
The arrow barely misses you.
The arrow barely misses the deep elf sorcerer.
You puncture the deep elf sorcerer! You freeze the deep elf sorcerer.
You kill the deep elf sorcerer!
Something hits you.
Aiming: Grand Finale
Press: ? - help, Shift-Dir - straight line, f - deep elf archer
Aim: a deep elf archer, wielding a +0 shortbow and wearing a +0 leather armour (lightly wounded, repelling missiles, sharing its pain)
The deep elf archer explodes violently!
You blow up the deep elf archer!
You can no longer merge with and destroy a victim.
You hear some strange, mumbled words.
A lance of force appears from out of thin air!
The lance of force hits you but does no damage.
An earth elemental comes into view.
You hit something. You freeze something. Your bite misses something.
You block something's attack.
You puncture something! You freeze something. Your bite misses something.
You hear some strange, mumbled words.
A shard of ice appears from out of thin air!
The shard of ice hits you!!!
You feel a painful chill!
You die...

#.................#
#.#####...#.....).#
##.##.......#
#.##.......# #
#.###..#...# .. #.#
#..#...### #.#
###.# #####.#..####
..#...###{..#
##.......
.......e..@.#
#....###
.####E####..#
##..## .. #..# ####
#.° #..# #° #..? ..
..... . #!....
#.....#


You could see an earth elemental and a deep elf zephyrmancer.

Vanquished Creatures
  Rupert (Lair:4)
  Donald (Orc:2)
  Agnes (D:14)
  A deep elf sorcerer (Elf:1)
  A dire elephant (D:15)
  Josephine (D:13)
  An ettin (Orc:2)
  A vault guard (D:14)
  4 hydras
  Erolcha (D:9)
  A merfolk avatar (Lair:5)
  An ogre mage (D:15)
  Erica (Orc:1)
  A catoblepas (D:14)
  12 two-headed ogres
  3 centaur warriors
  6 death yaks (Lair:4)
  4 tengu warriors
  4 boulder beetles
  4 orc high priests
  4 deep elf knights
  Sonja (D:10)
  Nergalle (D:10)
  A harpy (Lair:5)
  4 deep elf archers (Elf:1)
  5 lindwurms (Lair:5)
  Pikel (D:5)
  8 deep elf zephyrmancers (Elf:1)
  6 orc knights
  A wolf spider (D:15)
  8 deep elf pyromancers
  12 ugly things
  7 orc sorcerers
  A salamander (D:15)
  8 cyclopes
  2 manticores
  6 elephants (Lair:4)
  4 black mambas
  A merfolk siren (Lair:3)
  14 cane toads
  Psyche (D:9)
  3 torpor snails
  An efreet (D:15)
  9 rime drakes
  3 tengu conjurers
  3 unseen horrors
  A yaktaur (D:10)
  5 komodo dragons
  4 trolls
  A merfolk (Lair:3)
  A troll (shapeshifter) (D:13)
  2 wind drakes (Lair:5)
  2 hornets
  2 polar bears
  2 snapping turtles (Lair:5)
  6 dream sheep
  14 blink frogs
  An air elemental (Elf:1)
  16 slime creatures
  A shadow (D:11)
  5 wraiths
  25 yaks
  4 wyverns
  A vampire (D:13)
  A golden eye (shapeshifter) (D:15)
  2 fire elementals (Elf:1)
  Grum (D:10)
  4 basilisks
  3 wargs
  Menkaure (D:6)
  3 nagas (Lair:3)
  An acid dragon (D:10)
  19 water moccasins
  Duvessa (D:5)
  Pargi (Sewer)
  32 orc warriors
  A black bear (D:6)
  2 ice beasts
  16 ogres
  19 wolves
  4 boggarts (D:14)
  14 centaurs
  2 lemures (D:5)
  2 phantoms
  2 kobold brigands
  9 bullfrogs
  Blork the orc (D:5)
  A gnoll sergeant (D:11)
  3 earth elementals (Elf:1)
  12 scorpions
  Dowan (D:5)
  8 howler monkeys
  3 electric eels (D:10)
  3 centaur zombies (Ossuary)
  A gnoll bouda (D:8)
  2 hounds
  A human zombie (Ossuary)
  20 orc priests
  A jelly (D:6)
  4 iguanas
  A scorpion zombie (Ossuary)
  12 hell rats (Lair:5)
  16 orc wizards
  3 mummies (Ossuary)
  13 gnolls
  10 adders
  A shadow imp (D:7)
  2 white imps
  An ufetubus (D:5)
  2 dart slugs
  97 orcs
  3 endoplasms
  4 giant cockroaches
  9 goblins
  6 hobgoblins
  5 jackals (D:2)
  3 quokkas
  2 ball pythons (D:2)
  9 bats
  2 frilled lizards
  5 gnoll zombies (Ossuary)
  2 goblin zombies (Ossuary)
  2 hobgoblin zombies (Ossuary)
  14 kobolds
  4 kobold zombies (Ossuary)
  An orc zombie (Ossuary)
  3 rats
  A bush (Lair:2)
692 creatures vanquished.

Vanquished Creatures (others)
  An air elemental (Elf:1)
  A water elemental (Elf:1)
  13 fungi
  30 plants
45 creatures vanquished.

Grand Total: 737 creatures vanquished

Notes
Turn   | Place    | Note
-------+----------+-------------------------------------------
     0 | D:1      | Bnni the Vine Stalker Fighter began the quest for the Orb.
     0 | D:1      | Reached XP level 1. HP: 11/11 MP: 2/2
   254 | D:1      | Reached XP level 2. HP: 16/16 MP: 3/3
  1190 | D:2      | Reached XP level 3. HP: 19/19 MP: 4/4
  1255 | D:2      | Found a radiant altar of Vehumet.
  1460 | D:3      | Found a glowing drain.
  1464 | Sewer    | Entered a sewer
  1503 | Sewer    | Noticed Pargi
  1518 | Sewer    | Killed Pargi
  1519 | Sewer    | Gained mutation: Your natural rate of healing is unusually
                  | fast. [Vine Stalker growth]
  1519 | Sewer    | Reached XP level 4. HP: 18/24 MP: 5/5
  1519 | Sewer    | Reached XP level 5. HP: 22/28 MP: 6/6
  1805 | D:3      | Identified the +1 mace "Unonkeyw" {antimagic, rN+}
  2094 | D:4      | Noticed an ogre
  2103 | D:4      | Killed an ogre
  2104 | D:4      | Reached skill level 1 in Stealth
  2104 | D:4      | Reached XP level 6. HP: 23/33 MP: 4/7
  2279 | D:4      | Reached skill level 2 in Stealth
  2409 | D:4      | Reached XP level 7. HP: 33/37 MP: 8/8
  2428 | D:4      | Found Axahuo's Antique Armour Boutique.
  2435 | D:4      | Bought a pair of boots for 85 gold pieces
  2435 | D:4      | Bought a helmet for 85 gold pieces
  2518 | D:4      | Identified the ring "Ciejuda" {Fire Slay+3}
  2556 | D:4      | Reached skill level 3 in Stealth
  2918 | D:5      | Entered Level 5 of the Dungeon
  2936 | D:5      | Noticed Duvessa
  2937 | D:5      | Noticed Dowan
  2955 | D:5      | Killed Duvessa
  2956 | D:5      | Reached skill level 5 in Short Blades
  2960 | D:5      | Killed Dowan
  2987 | D:5      | Reached skill level 4 in Stealth
  3103 | D:5      | Found a staircase to the Ecumenical Temple.
  3107 | D:5      | Gained mutation: You have razor-sharp teeth. [Vine Stalker
                  | growth]
  3107 | D:5      | Reached XP level 8. HP: 42/42 MP: 9/9
  3122 | Temple   | Entered the Ecumenical Temple
  3169 | Temple   | Became a worshipper of Uskayaw the Reveller
  3208 | D:5      | Reached * piety under Uskayaw
  3239 | D:5      | Noticed Blork the orc
  3243 | D:5      | Reached ** piety under Uskayaw
  3244 | D:5      | Killed Blork the orc
  3245 | D:5      | Reached skill level 5 in Fighting
  3269 | D:5      | Reached skill level 5 in Stealth
  3269 | D:5      | Reached skill level 1 in Invocations
  3282 | D:5      | Noticed Pikel
  3290 | D:5      | Reached *** piety under Uskayaw
  3292 | D:5      | Reached **** piety under Uskayaw
  3295 | D:5      | Reached ***** piety under Uskayaw
  3297 | D:5      | Killed Pikel
  3298 | D:5      | Reached XP level 9. HP: 47/47 MP: 9/11
  3327 | D:5      | Reached skill level 6 in Stealth
  3466 | D:5      | Found Cuigiro's Antique Armour Boutique.
  3655 | D:6      | Found a shimmering blue altar of Sif Muna.
  3739 | D:6      | Noticed Menkaure
  3746 | D:6      | Killed Menkaure
  3747 | D:6      | Reached skill level 7 in Stealth
  4001 | D:6      | Found an ancient bone altar of Kikubaaqudgha.
  4001 | D:6      | Found a bloodstained altar of Trog.
  4269 | D:5      | Bought a glowing cloak for 202 gold pieces
  4461 | D:7      | Found an ornate altar of the Wu Jian Council.
  4481 | D:7      | Found a radiant altar of Vehumet.
  4701 | D:7      | HP: 2/48 [ogre/+0 giant club (11)]
  4947 | D:7      | Reached XP level 10. HP: 53/53 MP: 14/14
  5318 | D:8      | Found a white marble altar of Elyvilon.
  5410 | D:8      | Found a stormy altar of Qazlal.
  5418 | D:8      | Found an opulent altar of Gozag.
  5562 | D:8      | Found a sand-covered staircase.
  5567 | Ossuary  | Entered an ossuary
  5718 | Ossuary  | Reached skill level 8 in Stealth
  5926 | D:8      | Found a hazy altar of Hepliaklqana.
  6293 | D:8      | Reached skill level 5 in Invocations
  6587 | D:9      | Noticed a two-headed ogre
  6593 | D:9      | Killed a two-headed ogre
  6861 | D:9      | Noticed Psyche
  6871 | D:9      | Killed Psyche
  6872 | D:9      | Reached skill level 9 in Stealth
  7046 | D:9      | Noticed Erolcha
  7050 | D:9      | Killed Erolcha
  7051 | D:9      | Reached skill level 10 in Short Blades
  7051 | D:9      | Reached XP level 11. HP: 55/58 MP: 16/16
  7070 | D:9      | Found a flagged portal.
  7087 | Bailey   | Entered a bailey
  7352 | Bailey   | Reached ****** piety under Uskayaw
  8223 | D:10     | Entered Level 10 of the Dungeon
  8228 | D:10     | Noticed a two-headed ogre
  8234 | D:10     | Killed a two-headed ogre
  8265 | D:10     | Reached skill level 10 in Stealth
  8283 | D:10     | Noticed Grum
  8286 | D:10     | Noticed a centaur warrior
  8290 | D:10     | Killed Grum
  8293 | D:10     | Noticed Nergalle
  8298 | D:10     | Killed a centaur warrior
  8300 | D:10     | Killed Nergalle
  8401 | D:10     | Found a staircase to the Lair.
  8622 | D:10     | Noticed Sonja
  8629 | D:10     | Killed Sonja
  8630 | D:10     | Reached skill level 5 in Armour
  8635 | D:10     | Reached skill level 11 in Stealth
  8698 | D:10     | Noticed a deep elf pyromancer
  8702 | D:10     | Killed a deep elf pyromancer
  8703 | D:10     | Reached XP level 12. HP: 58/65 MP: 15/18
  9499 | D:11     | Noticed a two-headed ogre
  9506 | D:11     | Killed a two-headed ogre
  9551 | D:11     | Found a staircase to the Orcish Mines.
  9702 | D:12     | Noticed a two-headed ogre
  9709 | D:12     | Killed a two-headed ogre
  9875 | D:12     | Reached skill level 5 in Shields
 10280 | D:12     | Noticed a two-headed ogre
 10296 | D:12     | Killed a two-headed ogre
 10751 | D:13     | Reached skill level 12 in Stealth
 10777 | D:13     | Noticed a boulder beetle
 10794 | D:13     | Killed a boulder beetle
 10828 | D:13     | Noticed a tengu warrior
 10844 | D:13     | Killed a tengu warrior
 10994 | D:13     | Noticed a centaur warrior
 11003 | D:13     | Killed a centaur warrior
 11079 | D:13     | Reached XP level 13. HP: 70/70 MP: 18/20
 11527 | D:13     | Gained mutation: You are dopey. (Int -2) [potion of
                  | mutation]
 11527 | D:13     | Gained mutation: You are resistant to electric shocks.
                  | (rElec) [potion of mutation]
 11527 | D:13     | Gained mutation: You are agile. (Dex +4, Str/Int -1)
                  | [potion of mutation]
 11527 | D:13     | Gained mutation: You passively dampen the noise of your
                  | surroundings. [potion of mutation]
 11594 | D:14     | Noticed Josephine
 11601 | D:13     | Killed Josephine
 11646 | D:14     | Noticed Agnes
 11654 | D:14     | Killed Agnes
 11877 | D:14     | Reached skill level 10 in Fighting
 11878 | D:14     | Noticed a vault guard
 11892 | D:14     | Killed a vault guard
 11896 | D:14     | Found a gate to the Vaults.
 12036 | D:14     | Found a portal to a secret trove of treasure.
 12142 | D:14     | Reached skill level 13 in Stealth
 12533 | D:14     | Found Seocait's Antique Weapon Shop.
 12619 | D:15     | Entered Level 15 of the Dungeon
 13074 | D:15     | Reached XP level 14. HP: 54/77 MP: 22/22
 13094 | D:15     | Reached skill level 10 in Invocations
 13902 | D:15     | Found a staircase to the Depths.
 13902 | D:15     | Noticed a dire elephant
 13909 | D:15     | Killed a dire elephant
 13996 | D:15     | Reached skill level 14 in Stealth
 14052 | D:15     | Reached skill level 10 in Armour
 14284 | Lair:1   | Entered Level 1 of the Lair of Beasts
 14448 | Lair:1   | Found the +4 skin of Zhor {*Englaciate rC+++ SInv}
 15836 | Lair:3   | Reached skill level 10 in Shields
 15862 | Lair:3   | Found a staircase to the Snake Pit.
 15945 | Lair:3   | Found a staircase to the Shoals.
 16758 | Lair:4   | Reached XP level 15. HP: 71/83 MP: 20/24
 17079 | Lair:4   | Found a staircase to the Slime Pits.
 17115 | Lair:4   | Noticed Rupert
 17123 | Lair:4   | Killed Rupert
 17130 | Lair:4   | Identified the +10 chain mail of Uttefuexku {rF+ Stlth+}
 17358 | Lair:5   | Entered Level 5 of the Lair of Beasts
 17480 | Lair:5   | Reached skill level 15 in Stealth
 17804 | Lair:5   | Got the Writings on Resurrection
 18573 | Orc:1    | Entered Level 1 of the Orcish Mines
 18675 | Orc:1    | Noticed Erica
 18683 | Orc:1    | Killed Erica
 18937 | Orc:1    | Found a shimmering blue altar of Sif Muna.
 19232 | Orc:2    | Entered Level 2 of the Orcish Mines
 19367 | Orc:2    | Found Folidot's Antique Weapon Shoppe.
 19374 | Orc:2    | Noticed Donald
 19394 | Orc:2    | Killed Donald
 19593 | Orc:2    | Found a staircase to the Elven Halls.
 19716 | Orc:2    | Found Koxzizodgh's General Store.
 19737 | Orc:2    | Reached XP level 16. HP: 86/88 MP: 6/25
 19750 | Orc:2    | Found Ymmoe's Book Shoppe.
 19839 | Orc:2    | Found Uneo's Assorted Antiques.
 19846 | Orc:2    | Found Afei's Antique Weapon Shop.
 19967 | Elf:1    | Entered Level 1 of the Elven Halls
 20083 | Elf:1    | Reached skill level 16 in Stealth
 20290 | Elf:1    | Killed from afar by a deep elf knight

Illustrated notes

Levels and vault maps discovered:
D:1:      amcnicky_arrival_gap_in_the_tavern_cellar, layout_basic
D:2:      layout_loops_ring, basic_altar, minmay_tree_intersection
D:3:      layout_rooms, gup_sewer_entry_bowl
D:4:      layout_basic, serial_shops, shop, serial_park_tiny_1
D:5:      layout_rooms, minmay_temple_entry_sparse_star, serial_shops,
          nicolae_shop_hallway_stairs, kennysheep_small_circle, uniq_duvessa,
          uniq_blork_the_orc, uniq_pikel
D:6:      layout_basic, gammafunk_temple_overflow_forgotten, uniq_menkaure
D:7:      layout_basic, mainiacjoe_overflow_catch_the_wave
D:8:      layout_loops_ring, lemuel_round_altar,
          nicolae_elyvilon_peaceful_grove, minitemple, enter_ossuary_2
D:9:      hellmonk_destroyed_diamonds, layout_small_grid, enter_bailey_4,
          minivault_27, kennysheep_generic_room_6, uniq_psyche, uniq_erolcha
D:10:     layout_basic, lair_entry_dummy, small_chamber_with_monster,
          minivault_19, minmay_misc_feat_secret_circle, uniq_sonja, uniq_grum,
          uniq_nergalle
D:11:     layout_rooms, hiddenorc1_lemuel, nicolae_eternal_life
D:12:     layout_basic, special_room [special_room_orc]
D:13:     wander_river, layout_irregular_city, chequers_serial_rivers_large_a
D:14:     layout_roguey, david_vaults_5, enter_trove_1, interstate_on_off,
          serial_shops, shop, nicolae_benzene_ring, st_stairs_3, uniq_josephine,
          uniq_agnes
D:15:     hangedman_depths_entry_try_elsewhere_first, layout_grid_maze
Temple:   nicolae_temple_ecumenical_triangle
Lair:1:   layout_cave_pods, hellmonk_guarded_unrand_zhor
Lair:2:   layout_roguey, minmay_hedge_maze
Lair:3:   layout_long_grid, elwin_shoals_entry_rooms,
          guppyfry_snake_entry_garden, serial_bayou_shore_a,
          infiniplex_staircase_pool_2
Lair:4:   layout_hall_layers, minmay_slime_entry_oklob_open, uniq_rupert
Lair:5:   gammafunk_lair_ancient_temple, layout_loops_ring, minmay_lindwurm_lava
Orc:1:    layout_caves, kennysheep_orc_sif_temple, uniq_erica
Orc:2:    st_orc_elflike, layout_caves, serial_shops, nicolae_square_shop,
          special_room, uniq_donald
Elf:1:    eino_elf_arrival_customs, layout_rooms, basic_altar,
          ebering_ghost_xom, minivault_28

Skill      XL: |  1  2  3  4  5  6  7  8  9 10 11 12 13 14 15 16 |
---------------+-------------------------------------------------+-----
Short Blades   | 2 3 4 5 7 8 10 | 10.4
Shields        | 3 4 6 8 10 12 | 12.7
Fighting       | 3 4 5 6 7 8 9 10 11 12 | 12.2
Stealth        | 1 2 4 5 7 9 11 12 13 14 15 16 | 16.1
Invocations    | 2 4 5 7 8 9 10 11 12 | 12.1
Armour         | 5 7 9 10 11 12 | 12.0

Action                     |  1- 3 |  4- 6 |  7- 9 | 10-12 | 13-15 | 16-18 || total
---------------------------+-------+-------+-------+-------+-------+-------++-------
  Melee: Rapier            |    16 |       |       |       |       |       ||    16
         Bite              |    29 |    16 |    56 |   165 |   322 |    31 ||   619
         Dagger            |    84 |    73 |    43 |       |       |       ||   200
         Short sword       |       |       |   126 |   516 |   766 |   107 ||  1515
  Throw: Dart              |       |       |       |     4 |     1 |       ||     5
         Throwing net      |       |       |       |       |     2 |       ||     2
 Invoke: Grand Finale      |       |       |       |     1 |     3 |     2 ||     6
         Line Pass         |       |       |       |     1 |       |     2 ||     3
  Evoke: Wand              |       |       |       |     2 |     1 |       ||     3
    Use: Scroll            |       |       |     4 |     9 |     7 |       ||    20
         Potion            |       |       |       |       |    12 |       ||    12
   Stab: Paralysed         |       |       |    10 |    48 |    79 |    11 ||   148
         Distracted        |       |       |       |     1 |       |       ||     1
         Sleeping          |       |       |       |       |    10 |     2 ||    12
         Held in net/web   |       |       |       |       |     2 |       ||     2
         Confused          |       |       |       |       |       |     3 ||     3
 Armour: Chain mail        |    19 |       |       |       |   101 |    37 ||   157
         Scale mail        |     2 |       |       |       |       |       ||     2
         Plate armour      |    56 |    43 |    64 |   147 |       |       ||   310
         Crystal plate arm |       |       |       |   122 |   206 |       ||   328
  Dodge: Dodged            |    28 |     9 |    23 |    72 |    61 |    22 ||   215
  Block: Buckler           |    20 |    14 |    35 |    84 |   162 |    23 ||   338
         Kite shield       |       |       |       |    17 |       |       ||    17

Table legend: (Time is in decaauts)
 A = Elapsed time spent in this place.
 B = Non-inter-level travel time spent in this place.
 C = Inter-level travel time spent in this place.
 D = Time resting spent in this place.
 E = Time spent auto-exploring this place.
 F = Levels seen in this place.
 G = Mean time per level.
                   A        B        C        D        E       F      G
               +--------+--------+--------+--------+--------+-----+--------+
         Total |  19736 |  18689 |   1047 |    479 |  14091 |  27 |  731.0 |
       Dungeon |  12828 |  12068 |    760 |    448 |   9355 |  15 |  855.2 |
        Temple |     56 |     48 |      8 |      0 |     34 |   1 |   56.0 |
          Lair |   4099 |   3890 |    209 |     29 |   3095 |   5 |  819.8 |
  Orcish Mines |   1336 |   1267 |     69 |      2 |   1030 |   2 |  668.0 |
   Elven Halls |    287 |    287 |      0 |      0 |    163 |   1 |  287.0 |
         Sewer |     89 |     89 |      0 |      0 |     28 |   1 |   89.0 |
       Ossuary |    273 |    273 |      0 |      0 |     67 |   1 |  273.0 |
        Bailey |    766 |    766 |      0 |      0 |    316 |   1 |  766.0 |
               +--------+--------+--------+--------+--------+-----+--------+

Top non-repeatable levels by time:
    D:15: 1496 daAuts
  Lair:5: 1019 daAuts
    D:14: 981 daAuts
    D:12: 973 daAuts
     D:7: 956 daAuts
    D:13: 953 daAuts
     D:8: 934 daAuts
     D:4: 882 daAuts
  Lair:1: 865 daAuts
    D:10: 847 daAuts
     D:9: 843 daAuts
  Lair:3: 814 daAuts
  Bailey: 766 daAuts
     D:6: 763 daAuts
     D:1: 718 daAuts
